 Dungeon Crawl Stone Soup version 0.29.1-1-gd02db6906a (webtiles) character file.

Game seed: 9704452854055331216

594 RogueRain17 the Destroyer (level 7, -1/46 HPs)
             Began as a Demonspawn Conjurer on Sept 24, 2022.
             Slain by a lemure (9 damage)
             ... led by Pikel
             ... while paralysed by Pikel
             ... on level 4 of the Dungeon.
             The game lasted 00:13:09 (4771 turns).

RogueRain17 the Destroyer (Demonspawn Conjurer)     Turns: 4771, Time: 00:13:10

Health: -1/46      AC:  2    Str:  8    XL:     7   Next: 16%
Magic:  4/10       EV:  2    Int: 21    God:
Gold:   109        SH:  0    Dex: 11    Spells: 7/10 levels left

rFire   . . .      SeeInvis .   (no weapon)
rCold   . . .      Faith    .   (no shield)
rNeg    . . .      Spirit   .   a - +0 robe
rPois   .          Reflect  .   (no helmet)
rElec   .          Harm     .   (no cloak)
rCorr   +          Rampage  .   (no gloves)
Will    .....                   (no boots)
Stlth   ++........              (no amulet)
HPRegen 0.15/turn               j - +4 ring of slaying
MPRegen 0.24/turn               p - ring of resist corrosion

@: paralysed
A: claws 1, magic regeneration, condensation shield
a: no special abilities


You were on level 4 of the Dungeon.
You visited 1 branch of the dungeon, and saw 4 of its levels.

You collected 109 gold pieces.

Inventory:

Missiles
 m - 3 silver javelins
Armour
 a - a +0 robe (worn)
Jewellery
 j - a +4 ring of slaying (left claw)
 p - a ring of resist corrosion (right claw)
Wands
 q - a wand of paralysis (4)
Scrolls
 d - 2 scrolls of magic mapping {unknown}
 e - 3 scrolls of identify {unknown}
 f - 4 scrolls of immolation {unknown}
 l - 2 scrolls of silence {unknown}
 s - a scroll of fear {unknown}
Potions
 b - 2 potions of magic
 c - 2 potions of invisibility {unknown}
 g - a potion of haste {unknown}
 h - 2 potions of curing {unknown}
 i - 2 potions of might
 k - 2 potions of heal wounds {unknown}
 n - a potion of mutation {unknown}
 o - a potion of lignification {unknown}
 r - a potion of flight {unknown}
 t - a potion of brilliance {unknown}
 u - a potion of resistance {unknown}
 v - 2 potions of attraction {unknown}


   Skills:
 - Level 1.7 Dodging
 - Level 1.7 Stealth
 - Level 2.0 Spellcasting
 + Level 8.8 Conjurations


You had 7 spell levels left.
You knew the following spells:

 Your Spells              Type           Power      Damage    Failure   Level
a - Magic Dart            Conj           100%       1d8       1%          1
b - Searing Ray           Conj           78%        2d7       1%          2

Your spell library contained the following spells:

 Spells                   Type           Power      Damage    Failure   Level
 Dazzling Flash           Conj/Hex       40%        N/A       8%          3
 Fulminant Prism          Conj/Hex       10%        3d9       24%         4
 Iskenderun's Mystic Bla  Conj/Tloc      20%        2d6       24%         4
 Animate Dead             Necr           2%         N/A       82%         4
 Borgnjor's Vile Clutch   Necr/Erth      1%         N/A       99%         5
 Death Channel            Necr           1%         N/A       100%        6
 Malign Gateway           Summ/Tloc      1%         N/A       100%        7
 Summon Horrible Things   Summ           1%         N/A       100%        8


Dungeon Overview and Level Annotations

Branches:
Dungeon (4/15)
 Temple: D:4-7

Altars:
Ashenzari
Dithmenos
Makhleb
Qazlal
Ru
Trog
Wu Jian
Xom
Yredelemnul

Shops:
D:4 !

Annotations:
D:2 1 runed translucent door, Crazy Yiuf, Sigmund
D:4 Pikel


Innate Abilities, Weirdness & Mutations

You have sharp fingernails.
You regenerate magic rapidly.
A meltable shield of frost defends you. (SH +4)


Message History

Aim: Pikel, wielding a +1 whip of freezing, wearing a +0 robe and carrying a wand of paralysis (6) (moderately wounded, 76% to hit)
The searing ray hits Pikel but does no damage.
Pikel is moderately wounded. (Press . to maintain the ray.) Pikel says, "Antaeus said I was his favorite kobold.
Me!"
The searing ray hits Pikel.
Pikel is heavily wounded.
A lemure comes into view.
The searing ray hits Pikel!
Pikel is severely wounded.
The lemure shouts!
Pikel closely misses you.
The searing ray hits Pikel!
Pikel is severely wounded.
You finish channelling your searing ray.
The lemure shouts!
Pikel misses you.
Pikel zaps a wand.
You suddenly lose the ability to move!
Pikel hits you with a +1 whip of freezing.
Pikel freezes you.
You can move again.
Pikel zaps a wand.
You resist with some effort.
Aiming: Paralyse
Press: ? - help, Shift-Dir - straight line, f/p - Pikel
Aim: Pikel, wielding a +1 whip of freezing, wearing a +0 robe and carrying a wand of paralysis (4) (severely wounded, chance to affect: 49%) Pikel resists with some effort.
Pikel zaps a wand.
You suddenly lose the ability to move!
Pikel hits you with a +1 whip of freezing.
Pikel freezes you. The lemure hits you. x3
Pikel hits you with a +1 whip of freezing.
Pikel freezes you. The lemure hits you. x2
* * * LOW HITPOINT WARNING * * *
Pikel hits you with a +1 whip of freezing.
* * * LOW HITPOINT WARNING * * *
Pikel freezes you.
* * * LOW HITPOINT WARNING * * *
The lemure hits you!
You die...

..#...#...#...#............#
#.#.#..)#.#.#.#....#......##
#...##.##...#....[##......#
#.#.......#.#.#...####...###
..##.###.##...#........#...##
#...........#.#.............#
##.###.###.##..............##
..............#5K5..........#
.###.###.###.##5@5.........##
#.#........................##
.##.........................#
.#..........................#
...............###.....)....#
..####.........####........##
..# ##............#....#.##
..## ##...........##.#####
...# #...#.......####


You could see Pikel and 4 lemures.

Vanquished Creatures
  A phantom (D:4)
  2 scorpions
  A hound (D:4)
  An orc priest (D:4)
  An iguana (D:3)
  Natasha (thrice) (D:2)
  2 orc wizards (D:3)
  Robin (D:4)
  5 adders
  2 adder zombies (D:2)
  3 worms
  4 dart slugs
  13 orcs
  2 ball pythons
  10 bats
  6 endoplasms
  7 giant cockroaches
  20 goblins
  7 hobgoblins
  2 jackals (D:2)
  2 quokkas
  A ball python skeleton (D:2)
  4 ball python zombies (D:2)
  4 frilled lizards
  A jackal zombie (D:2)
  5 kobolds
  3 rats
113 creatures vanquished.

Vanquished Creatures (others)
  4 withered plants (D:2)
4 creatures vanquished.

Grand Total: 117 creatures vanquished

Notes
Turn   | Place    | Note
-------+----------+-------------------------------------------
     0 | D:1      | RogueRain17 the Demonspawn Conjurer began the quest for the
                  | Orb.
     0 | D:1      | Reached XP level 1. HP: 13/13 MP: 3/3
   531 | D:1      | Gained mutation: You have sharp fingernails. [demonic
                  | ancestry]
   531 | D:1      | Reached XP level 2. HP: 19/19 MP: 3/5
   960 | D:1      | Reached skill level 5 in Conjurations
  1070 | D:1      | Reached XP level 3. HP: 24/24 MP: 2/6
  1423 | D:1      | Learned a level 2 spell: Searing Ray
  1568 | D:2      | Noticed Natasha
  1572 | D:2      | Killed Natasha
  1682 | D:2      | Noticed Sigmund
  1799 | D:2      | Gained mutation: A meltable shield of frost defends you.
                  | (SH +4) [demonic ancestry]
  1799 | D:2      | Reached XP level 4. HP: 30/30 MP: 4/7
  1855 | D:2      | Noticed Natasha
  1865 | D:2      | Killed Natasha
  1866 | D:2      | Reached skill level 6 in Conjurations
  2156 | D:2      | Found a shadowy altar of Dithmenos.
  2445 | D:2      | Gained mutation: You regenerate magic rapidly. [demonic
                  | ancestry]
  2445 | D:2      | Reached XP level 5. HP: 35/35 MP: 6/8
  2712 | D:2      | Found a runed translucent door.
  2713 | D:2      | Noticed Crazy Yiuf
  2828 | D:2      | Noticed Natasha
  2833 | D:2      | Killed Natasha
  2921 | D:3      | Found a burning altar of Makhleb.
  2923 | D:3      | Found a sacrificial altar of Ru.
  2926 | D:3      | Found a basalt altar of Yredelemnul.
  2934 | D:3      | Found a bloodstained altar of Trog.
  2934 | D:3      | Found a shimmering altar of Xom.
  2935 | D:3      | Found a broken altar of Ashenzari.
  2937 | D:3      | Found a shadowy altar of Dithmenos.
  2938 | D:3      | Found an ornate altar of the Wu Jian Council.
  2947 | D:3      | Reached skill level 7 in Conjurations
  3200 | D:3      | Found a stormy altar of Qazlal.
  3223 | D:3      | Paralysed by a goblin for 5 turns
  3356 | D:3      | Found a faded altar of an unknown god.
  3544 | D:3      | Reached XP level 6. HP: 41/41 MP: 2/9
  4182 | D:4      | Reached skill level 8 in Conjurations
  4187 | D:4      | Noticed Robin
  4198 | D:4      | Killed Robin
  4337 | D:4      | Found Uhifir's Distillery.
  4451 | D:4      | Reached XP level 7. HP: 46/46 MP: 3/10
  4752 | D:4      | Noticed Pikel
  4758 | D:4      | Paralysed by Pikel for 2 turns
  4764 | D:4      | Paralysed by Pikel for 2 turns
  4767 | D:4      | Paralysed by Pikel for 5 turns
  4771 | D:4      | Slain by a lemure

Illustrated notes

Levels and vault maps discovered:
D:1:      dpeg_arrival_windows_large_door, layout_loops_ring
D:2:      layout_loops_cross, serial_undead, serial_undead_f, serial_undead_e,
          serial_undead_f, serial_undead_f, basic_altar, uniq_natasha,
          uniq_crazy_yiuf_cottage, uniq_sigmund
D:3:      layout_loops_cross, minitemple, hellmonk_ecumenical_altar_heavens_door
D:4:      layout_cave_pools, nicolae_concentric_dashed_squares_mild,
          nicolae_stop_n_shop_2, minivault_11, uniq_ijyb, uniq_robin, uniq_pikel

Skill      XL: |  1  2  3  4  5  6 |
---------------+-------------------+-----
Conjurations   | 5 6 7 8 |  8.8
Dodging        | |  1.7
Stealth        | |  1.7
Spellcasting   | |  2.0

Action                   |  1- 3 |  4- 6 |  7- 9 || total
-------------------------+-------+-------+-------++-------
Melee: Unarmed           |     2 |    10 |       ||    12
       Punch             |       |     2 |       ||     2
 Cast: Magic Dart        |    67 |   155 |    21 ||   243
       Searing Ray       |       |    11 |     2 ||    13
Evoke: Wand              |       |       |     1 ||     1
  Use: Potion            |       |     1 |       ||     1
Armor: Robe              |     2 |     5 |       ||     7
Dodge: Dodged            |     6 |    15 |     5 ||    26
Block: Other             |       |     4 |     1 ||     5
